 Dungeon Crawl Stone Soup version 0.22-a0-448-g1fb7470 (webtiles) character file.

7980 xccam the Transmogrifier (level 11, -5/92 HPs)
             Began as a Yellow Draconian Transmuter on June 4, 2018.
             Was a Priest of Qazlal.
             Slain by a troll (12 damage)
             ... on level 9 of the Dungeon.
             The game lasted 00:25:16 (10260 turns).

xccam the Transmogrifier (DrTm)                    Turns: 10260, Time: 00:25:16

Health: -5/92      AC: 10    Str: 13    XL:     11   Next: 3%
Magic:  16/21      EV: 13    Int: 16    God:    Qazlal [***...]
Gold:   42         SH:  4    Dex: 12    Spells: 20/28 levels left

rFire    + . .     SeeInvis .     - Unarmed
rCold    . . .     Gourm    .   (shield currently unavailable)
rNeg     . . .     Faith    .   (armour unavailable)
rPois    .         Spirit   .   B - +0 hat
rElec    .         Reflect  .   k - +2 cloak
rCorr    +         Harm     .   (gloves currently unavailable)
MR       .....                  (no boots)
Stlth    +.........             n - amulet of the acrobat
HPRegen  0.25/turn              (no ring)
MPRegen  0.17/turn              (no ring)

@: lethally poisoned (-5 -> -8), blade hands
A: spit acid, acid resistance, unfitting armour, fire resistance 1, low mp 1,
cold-blooded, AC +7
a: Breathe Acid, End Transformation, Upheaval, Elemental Force, Renounce
Religion


You were on level 9 of the Dungeon.
You worshipped Qazlal.
Qazlal was most pleased with you.
You were not hungry.
You had blades for hands.
You visited 1 branch of the dungeon, and saw 9 of its levels.

You collected 432 gold pieces.
You spent 390 gold pieces at shops.

Inventory:

Hand Weapons
 A - a +0 club
Missiles
 a - 55 arrows
Armour
 k - a +2 cloak (worn)
 y - a +0 large shield
 B - a +0 hat (worn)
Magical Staves
 w - an uncursed staff of fire
Jewellery
 n - an amulet of the acrobat (around neck)
 G - an uncursed ring of ice
Wands
 b - a wand of enslavement (11)
 o - a wand of random effects (19)
 q - a wand of polymorph (9)
 s - a wand of iceblast (5)
 u - a wand of acid (5)
 v - a wand of clouds (4)
 F - a wand of paralysis (12)
Scrolls
 f - a scroll of teleportation
 m - 3 scrolls of enchant weapon
 p - 3 scrolls of remove curse
 x - 2 scrolls of holy word {unknown}
 z - a scroll of identify
Potions
 d - 2 potions of mutation
 e - 2 potions of brilliance
 g - a potion of resistance {unknown}
 h - 4 potions of degeneration
 i - 2 potions of haste
 j - a potion of magic
 l - 7 potions of curing
 r - a potion of flight
 t - a potion of berserk rage
 C - a potion of lignification {unknown}
 E - a potion of heal wounds {unknown}
Comestibles
 c - 18 rations
 D - 2 chunks of flesh


   Skills:
 * Level 7.4 Fighting
 + Level 2.7 Dodging
 * Level 7.9 Unarmed Combat
 + Level 9.2 Spellcasting
 + Level 9.9 Transmutations


You had 20 spell levels left.
You knew the following spells:

 Your Spells              Type           Power        Failure   Level  Hunger
a - Beastly Appendage     Tmut           #####.       8%          1    None
b - Sticks to Snakes      Tmut           #####...     10%         2    None
c - Blade Hands           Tmut           #####.....   32%         5    #####..

Your spell library contained the following spells:

 Spells                   Type           Power        Failure   Level  Hunger
 Lightning Bolt           Conj/Air       #.........   99%         5    #####..
 Confuse                  Hex            #.......     73%         3    #......
 Tukima's Dance           Hex            #.......     73%         3    #......
 Shock                    Conj/Air       #...         45%         1    None
 Swiftness                Chrm/Air       #.......     56%         2    None
 Spider Form              Tmut/Pois      ###.......   28%         3    #......
 Ice Form                 Ice/Tmut       ###.....     52%         4    ###....
 Airstrike                Air            #.........   95%         4    ###....
 Ensorcelled Hibernation  Hex/Ice        #.....       56%         2    None
 Static Discharge         Conj/Air       #.......     73%         3    #......
 Corona                   Hex            #......      45%         1    None
 Dazzling Spray           Conj/Hex       #.....       73%         3    #......


Dungeon Overview and Level Annotations

Branches:
Dungeon (9/15)             Temple (0/1) D:4
   Lair: D:8-11         Orc: D:9-12

Altars:
Ashenzari
Cheibriados
Gozag
Qazlal
Ru
Sif Muna
Wu Jian

Shops:
D:4 =   D:8 !

Annotations:
D:8 exclusion: door


Innate Abilities, Weirdness & Mutations

You can spit globs of acid.
You are resistant to acid.
Your golden yellow scales are hard. (AC +7)
You cannot fit into any form of body armour.
You are cold-blooded and may be slowed by cold attacks.
Your flesh is heat resistant. (rF+)
Your magical capacity is low. (-10% MP)


Message History

You block the troll's attack. The troll claws you!
You block the troll's attack.
You are too injured to fight recklessly!
Casting: Blade Hands (safe; 4% risk of failure)
Confirm with . or Enter, or press ? or * to list all spells.
Your hands turn into razor-sharp scythe blades.
You feel sick. The troll bites you!
* * * LOW HITPOINT WARNING * * *
The troll claws you.
* * * LOW HITPOINT WARNING * * *
The troll claws you but does no damage.
You feel sick.
Things that are here:
an uncursed club; an uncursed blowgun; 5 poisoned needles You hit the troll.
The troll is moderately wounded.
You feel sick. The troll bites you!
* * * LOW HITPOINT WARNING * * *
The troll claws you!
You die...

.# #...# #...# .# #...#
#...# .# ## #...# #...#
.# .# #...# #...# .# .#
#...# #...# .# ### #..^#
#...# .# ..# #...###(..#
.#####.
..###........†####.......
..............((@T.......
#########################


You could see a troll.

Vanquished Creatures
  Gastronok (D:8)
  The ghost of TheNamelessOne the Grappler, a novice TrCK of Xom (D:8)
  2 two-headed ogres (D:8)
  Pikel (D:7)
  4 hogs (D:9)
  A human (D:9)
  A hungry ghost (D:8)
  Duvessa (D:5)
  2 orc warriors
  A sky beast (D:5)
  2 ice beasts (D:8)
  2 phantoms
  4 ogres
  A big kobold (D:9)
  6 bullfrogs
  Dowan (D:5)
  3 scorpions
  9 killer bees (D:8)
  4 wights (D:6)
  3 howler monkeys
  5 crimson imps
  4 hounds
  A gnoll shaman (D:7)
  3 orc priests
  A centaur skeleton (D:6)
  2 jellies
  An iron imp (D:4)
  5 orc wizards
  7 worker ants
  2 hound zombies
  A hound skeleton (D:6)
  9 gnolls
  A howler monkey skeleton (D:6)
  13 adders
  2 shadow imps
  An adder skeleton (D:4)
  A worm (D:5)
  2 dart slugs (D:1)
  3 leopard geckos
  20 orcs
  4 giant cockroaches
  5 goblins
  5 hobgoblins
  8 jackals
  4 quokkas
  2 ball pythons
  9 bats
  2 frilled lizards
  A jackal skeleton (D:4)
  A jackal zombie (D:5)
  10 kobolds
  A leopard gecko skeleton (D:6)
  A quokka skeleton (D:6)
  7 rats
194 creatures vanquished.

Vanquished Creatures (collateral kills)
  A slave (D:7)
  A dart slug (D:5)
2 creatures vanquished.

Grand Total: 196 creatures vanquished

Notes
Turn   | Place    | Note
-------+----------+-------------------------------------------
     0 | D:1      | xccam the Draconian Transmuter began the quest for the Orb.
     0 | D:1      | Reached XP level 1. HP: 16/16 MP: 3/3
   381 | D:1      | Reached XP level 2. HP: 20/23 MP: 5/5
   388 | D:1      | Learned a level 2 spell: Sticks to Snakes
  1033 | D:2      | Reached XP level 3. HP: 21/29 MP: 6/6
  1514 | D:2      | Found an ornate altar of the Wu Jian Council.
  1762 | D:2      | Found a faded altar of an unknown god.
  1799 | D:2      | Reached XP level 4. HP: 32/36 MP: 8/8
  2158 | D:3      | Found a sacrificial altar of Ru.
  2308 | D:3      | Found a stormy altar of Qazlal.
  2366 | D:3      | Became a worshipper of Qazlal Stormbringer
  2615 | D:3      | Found a shattered altar of Ashenzari.
  2795 | D:4      | Found a staircase to the Ecumenical Temple.
  2840 | D:4      | Reached XP level 5. HP: 8/41 MP: 8/10
  3177 | D:4      | HP: 2/41 [orc priest/hand axe of electrocution (20)]
  3543 | D:4      | Noticed Grinder
  3556 | D:4      | Noticed Grinder
  3556 | D:4      | Grinder changed into Grinder the iron imp
  3561 | D:4      | Killed Grinder the iron imp
  3724 | D:4      | Reached XP level 6. HP: 34/48 MP: 11/11
  3731 | D:4      | Learned a level 5 spell: Blade Hands
  3828 | D:4      | Found Edaedadue's Jewellery Boutique.
  3999 | D:4      | Reached * piety under Qazlal
  4073 | D:5      | Entered Level 5 of the Dungeon
  4445 | D:5      | Reached skill level 5 in Transmutations
  4460 | D:5      | Your scales start taking on a golden yellow colour.
  4460 | D:5      | Reached XP level 7. HP: 24/55 MP: 11/14
  4822 | D:5      | Reached skill level 5 in Spellcasting
  5381 | D:5      | Noticed Duvessa
  5383 | D:5      | Noticed Dowan
  5409 | D:5      | Killed Duvessa
  5419 | D:5      | Killed Dowan
  5584 | D:6      | Gained mutation: Your magical capacity is low. (-10% MP) [potion of mutation]
  5584 | D:6      | Gained mutation: Your flesh is heat resistant. (rF+) [potion of mutation]
  5802 | D:6      | Reached XP level 8. HP: 60/61 MP: 15/15
  6111 | D:6      | Reached ** piety under Qazlal
  6272 | D:6      | Found a deep blue altar of Sif Muna.
  6283 | D:6      | Found an opulent altar of Gozag.
  7607 | D:7      | Reached XP level 9. HP: 46/68 MP: 12/18
  7618 | D:7      | Noticed Pikel
  7702 | D:7      | Killed Pikel
  7942 | D:8      | Noticed TheNamelessOne's ghost (novice TrCK)
  7944 | D:8      | Reached skill level 5 in Unarmed Combat
  7956 | D:8      | Killed TheNamelessOne's ghost
  8233 | D:8      | Reached skill level 5 in Fighting
  8406 | D:8      | Noticed Gastronok
  8419 | D:8      | Killed Gastronok
  8419 | D:8      | Reached XP level 10. HP: 48/83 MP: 15/20
  8445 | D:8      | Found a snail-covered altar of Cheibriados.
  8554 | D:8      | Found Ycacril's Distillery.
  8562 | D:8      | Bought a potion of mutation for 120 gold pieces
  8562 | D:8      | Bought a potion of curing for 45 gold pieces
  8562 | D:8      | Bought a potion of haste for 150 gold pieces
  8562 | D:8      | Bought a potion of berserk rage for 75 gold pieces
  8632 | D:8      | Reached *** piety under Qazlal
  9002 | D:8      | Noticed a two-headed ogre
  9007 | D:8      | Killed a two-headed ogre
  9470 | D:8      | Noticed a two-headed ogre
  9478 | D:8      | Killed a two-headed ogre
 10162 | D:9      | Reached XP level 11. HP: 77/92 MP: 17/21
 10260 | D:9      | Slain by a troll

Vault maps used:
D:1:      eino_arrival_water_star, serial_glass, glass_columns_b,
          glass_columns_a, minmay_misc_feat_encased
D:2:      nicolae_overflow_crystal_walls, chequers_ecumenical_altar_grove,
          first_ration, minivault_19
D:3:      overflow_temple_1_default, overflow_temple_1_default,
          nicolae_overflow_hidden_temple
D:4:      minmay_temple_entry_butterflies, serial_shops,
          nicolae_shop_waterfront, uniq_grinder
D:5:      uniq_duvessa
D:6:      grunt_temple_overflow_open
D:7:      uniq_pikel
D:8:      cheibrodos_worm_habitat, serial_shops, nicolae_shop_crystal,
          uniq_gastronok
D:9:      nemelex_xobeh_ov_fountains_minmay, lair_entry_dummy, grunt_livestock

Skill      XL: |  1  2  3  4  5  6  7  8  9 10 |
---------------+-------------------------------+-----
Transmutations | 3 4 5 6 8 9 |  9.9
Fighting       | 2 5 7 |  7.4
Spellcasting   | 3 4 5 7 8 9 |  9.2
Unarmed Combat | 4 6 7 |  7.9
Dodging        | 2 |  2.7

Action                   |  1- 3 |  4- 6 |  7- 9 | 10-12 || total
-------------------------+-------+-------+-------+-------++-------
Melee: Unarmed           |   132 |   206 |   388 |   207 ||   933
       Tailslap          |    16 |    23 |    37 |    27 ||   103
       Punch             |     2 |       |     8 |     3 ||    13
       Headbutt          |     1 |    11 |       |       ||    12
       Kick              |       |    10 |     4 |       ||    14
 Cast: Beastly Appendage |     3 |    12 |     4 |       ||    19
       Sticks to Snakes  |       |     8 |     1 |       ||     9
       Blade Hands       |       |       |    11 |     9 ||    20
 Abil: Breathe Acid      |       |       |     8 |     5 ||    13
Evoke: Wand              |       |     5 |     6 |       ||    11
  Use: Scroll            |       |     9 |     6 |     1 ||    16
       Potion            |       |     2 |     2 |       ||     4
 Stab: Sleeping          |     1 |     1 |       |       ||     2
       Distracted        |       |     1 |       |       ||     1
       Confused          |       |       |     1 |       ||     1
  Eat: Chunk             |     3 |     5 |    11 |     6 ||    25
       Ration            |       |     1 |     2 |     1 ||     4
Armor: Skin              |    42 |    80 |   120 |    48 ||   290
Dodge: Dodged            |   106 |   168 |   225 |   102 ||   601
Block: Other             |       |       |    27 |    26 ||    53

Table legend:
 A = Spawn XP
 B = Non-spawn XP
 C = Spawn XP percentage of total XP
 D = Spawn monster count
 E = Non-spawn monster count
 F = Spawn count percentage of total count
 G = Total turns spent on level
                    A         B        C        D         E        F      G
               +---------+---------+-------+---------+---------+-------+---------
         Total |       0 |   11400 |   0.0 |       0 |     195 |   0.0 | 10260
               +---------+---------+-------+---------+---------+-------+---------
           D:1 |       0 |      35 |   0.0 |       0 |      18 |   0.0 |   935
           D:2 |       0 |      69 |   0.0 |       0 |      15 |   0.0 |  1128
           D:3 |       0 |      37 |   0.0 |       0 |      13 |   0.0 |   701
           D:4 |       0 |     357 |   0.0 |       0 |      22 |   0.0 |  1526
           D:5 |       0 |     741 |   0.0 |       0 |      24 |   0.0 |  1458
           D:6 |       0 |     867 |   0.0 |       0 |      25 |   0.0 |  1152
           D:7 |       0 |    1388 |   0.0 |       0 |      21 |   0.0 |   992
           D:8 |       0 |    6331 |   0.0 |       0 |      32 |   0.0 |  2048
           D:9 |       0 |    1575 |   0.0 |       0 |      25 |   0.0 |   320
               +---------+---------+-------+---------+---------+-------+---------
